 Dungeon Crawl Stone Soup version 0.28-a0-1174-g766a6a42ef (webtiles) character file.

Game seed: 8597296427261613129

4421 Gwenloh the Thrower (level 10, 0/107 HPs)
             Began as an Ogre Arcane Marksman on Dec 16, 2021.
             Was a Believer of Fedhas.
             Slain by a blink frog (11 damage)
             ... on level 2 of the Lair of Beasts.
             The game lasted 00:36:29 (13685 turns).

Gwenloh the Thrower (Ogre Arcane Marksman)         Turns: 13685, Time: 00:36:30

Health: 0/107      AC:  1    Str: 16    XL:     10   Next: 36%
Magic:  22/22      EV: 10    Int: 14    God:    Fedhas [**....]
Gold:   529        SH:  0    Dex: 17    Spells: 7/11 levels left

rFire   . . .      SeeInvis .   a - +4 hand axe of the Shoals {spect, *Corrode rElec rPois Dex+4}
rCold   . . .      Faith    .   (no shield)
rNeg    . . .      Spirit   .   e - +0 robe
rPois   +          Reflect  .   (helmet restricted)
rElec   +          Harm     .   C - +1 cloak {Will+}
rCorr   .          Rampage  .   (gloves unavailable)
Will    ++...                   (boots unavailable)
Stlth   ++........              (no amulet)
HPRegen 0.27/turn               B - ring of magical power
MPRegen 0.18/turn               (no ring)

@: about to teleport, corroded, studying Evocations
A: large, unfitting armour, tough skin 1
a: Renounce Religion, Wall of Briars


You were on level 2 of the Lair of Beasts.
You worshipped Fedhas.
Fedhas was pleased with you.
You visited 3 branches of the dungeon, and saw 11 of its levels.

You collected 529 gold pieces.

Inventory:

Hand Weapons
 a - the +4 hand axe of the Shoals (weapon) {spect, *Corrode rElec rPois Dex+4}
   (You found it on level 5 of the Dungeon)

   When its wielder attacks, the weapon's spirit leaps out and strikes again.
   The spirit shares a part of any damage it takes with its wielder.
   Dex:       It affects your dexterity (+4).
   rElec:     It insulates you from electricity.
   rPois:     It protects you from poison.
   *Corrode:  It may corrode you when you take damage.
 y - a +2 whip of electrocution
 K - a +2 vampiric spear
Missiles
 b - 30 poisoned darts
 c - 3 throwing nets
 d - 210 stones (quivered)
 p - 4 large rocks
 E - 7 boomerangs of dispersal
Armour
 e - a +0 robe (worn)
 C - a +1 cloak of willpower (worn)
Jewellery
 B - a ring of magical power (left hand)
Wands
 l - a wand of mindburst (5)
 o - a wand of digging (8)
 A - a wand of acid (11)
 I - a wand of paralysis (7)
 J - a wand of iceblast (8)
Scrolls
 f - a scroll of brand weapon {unknown}
 g - 2 scrolls of enchant armour
 i - 3 scrolls of noise
 r - a scroll of teleportation
 s - 2 scrolls of blinking {unknown}
 v - a scroll of torment {unknown}
 w - 5 scrolls of magic mapping
 F - a scroll of fog {unknown}
 G - a scroll of identify
Potions
 h - a potion of invisibility {unknown}
 j - 4 potions of curing {unknown}
 k - 3 potions of might
 m - a potion of haste
 n - 3 potions of heal wounds
 t - a potion of mutation {unknown}
 u - a potion of lignification {unknown}
 x - 3 potions of attraction {unknown}
 z - a potion of brilliance {unknown}
 H - 2 potions of flight {unknown}


   Skills:
 + Level 9.6 Fighting
 + Level 5.8 Maces & Flails
 + Level 9.7 Throwing
 - Level 1.7 Dodging
 - Level 1.2 Spellcasting
 + Level 4.6 Hexes
 + Level 4.3 Invocations


You had 7 spell levels left.
You knew the following spells:

 Your Spells              Type           Power      Damage    Failure   Level
a - Slow                  Hex            52%        N/A       3%          1
b - Portal Projectile     Hex/Tloc       14%        N/A       30%         3

Your spell library contained the following spells:

 Spells                   Type           Power      Damage    Failure   Level
 Freeze                   Ice            0%         1d3       26%         1
 Inner Flame              Hex/Fire       7%         N/A       30%         3
 Cause Fear               Hex            6%         N/A       36%         4
 Frozen Ramparts          Ice            0%         1d2       61%         3
 Animate Dead             Necr           0%         N/A       95%         4
 Hailstorm                Conj/Ice       0%         3d3       95%         4
 Borgnjor's Vile Clutch   Necr/Erth      0%         N/A       100%        5
 Fireball                 Conj/Fire      0%         3d3       100%        5
 Iskenderun's Battlesphe  Conj           0%         2d6       100%        5
 Conjure Ball Lightning   Conj/Air       0%         3x3d6     100%        6
 Death Channel            Necr           0%         N/A       100%        6
 Orb of Destruction       Conj           0%         N/A       100%        7


Dungeon Overview and Level Annotations

Branches:
Dungeon (8/15)             Temple (1/1) D:5            Lair (2/6) D:8
  Swamp: Lair:2-4    Shoals: Lair:2-4     Snake: Lair:2-4    Spider: Lair:2-4

Altars:
Ashenzari
Cheibriados
Dithmenos
Elyvilon
Fedhas
Gozag
Hepliaklqana
Kikubaaqudgha
Makhleb
Nemelex Xobeh
Okawaru
Qazlal
Ru
Sif Muna
Trog
Uskayaw
Vehumet
Wu Jian
Xom
Yredelemnul
Zin
The Shining One
Lugonu

Shops:
D:3 (

Portals:
Abyss: Lair:1


Innate Abilities, Weirdness & Mutations

You are too large for most types of armour.
You have tough skin. (AC +1)


Message History

The blink frog blinks!
As you read the scroll of teleportation, it crumbles to dust.
You feel strangely unstable. The blink frog hits you.
Your corrosive artefact corrodes you!
The blink frog hits you.
The blink frog blinks!
The blink frog closely misses you. The blink frog completely misses you.
The water moccasin closely misses you.
You closely miss the blink frog. You hit the water moccasin.
You miss the blink frog.
Your +4 hand axe of the Shoals {spect, *Corrode rElec rPois Dex+4} hits the water moccasin!
Your +4 hand axe of the Shoals {spect, *Corrode rElec rPois Dex+4} hits the blink frog!
The blink frog blinks!
The water moccasin bites you.
The blink frog blinks!
You closely miss the water moccasin.
The water moccasin is heavily wounded.
Your +4 hand axe of the Shoals {spect, *Corrode rElec rPois Dex+4} hits the water moccasin!
You kill the water moccasin!
Fedhas appreciates your contribution to the ecosystem.
Your surroundings seem slightly different.
The blink frog barely misses you.
You hit the blink frog.
The blink frog is lightly wounded.
You hit the blink frog.
Your +4 hand axe of the Shoals {spect, *Corrode rElec rPois Dex+4} misses the blink frog.
Your +4 hand axe of the Shoals {spect, *Corrode rElec rPois Dex+4} hits the blink frog!
The blink frog hits you!
The blink frog blinks!
The blink frog hits you!!
You closely miss the blink frog.
The blink frog is heavily wounded.
You closely miss the blink frog.
Your +4 hand axe of the Shoals {spect, *Corrode rElec rPois Dex+4} hits the blink frog!
Your +4 hand axe of the Shoals {spect, *Corrode rElec rPois Dex+4} hits the blink frog.
The blink frog hits you.
The blink frog blinks!
The blink frog closely misses you. The blink frog hits you.
You swap places.
The blink frog blinks!
The blink frog hits you!
As you read the scroll of teleportation, it crumbles to dust.
You feel strangely unstable.
The blink frog blinks!
The blink frog hits you!!
* * * LOW HITPOINT WARNING * * *
The blink frog blinks!
The blink frog hits you.
* * * LOW HITPOINT WARNING * * *
The blink frog hits you!
You die...
Fedhas appreciates your contribution to the ecosystem.

........# ..
......#.#####..
...............
...............
.P.............
..##....^..#
......†...##
.......FF.#
...§..§@.##
#........P.#
P..........#
..........##
.....F....#
#........##
.........P
.........#


You could see 3 blink frogs.

Vanquished Creatures
  A manticore (D:6)
  2 cane toads (Lair:1)
  2 komodo dragons
  Sigmund (D:2)
  A steam dragon (D:7)
  4 water moccasins
  2 sky beasts (D:8)
  An ogre (D:5)
  A necrophage (D:6)
  A centaur (D:8)
  A phantom (D:3)
  A gnoll sergeant (D:8)
  2 bullfrogs (Lair:1)
  3 scorpions
  3 killer bees
  4 wights (D:6)
  A howler monkey (D:6)
  A jelly (D:6)
  A bullfrog zombie (D:6)
  3 hounds
  Crazy Yiuf (D:5)
  2 gnoll shamans
  2 orc priests
  A bullfrog skeleton (D:7)
  5 iguanas
  4 orc wizards
  A hound zombie (D:5)
  A hound skeleton (D:5)
  Robin (D:2)
  16 gnolls
  8 adders
  A shadow imp (D:7)
  A white imp (D:6)
  3 ufetubi
  5 worms
  5 dart slugs
  20 orcs
  13 ball pythons
  3 bats
  5 endoplasms
  7 giant cockroaches
  14 goblins
  13 hobgoblins
  4 kobolds
  6 quokkas
  5 frilled lizards
  11 rats
  A lurking horror (Lair:1)
195 creatures vanquished.

Vanquished Creatures (others)
  2 orc wizards (D:6)
  A lurking horror (Lair:1)
  8 plants
11 creatures vanquished.

Grand Total: 206 creatures vanquished

Notes
Turn   | Place    | Note
-------+----------+-------------------------------------------
     0 | D:1      | Gwenloh the Ogre Arcane Marksman began the quest for the
                  | Orb.
     0 | D:1      | Reached XP level 1. HP: 19/19 MP: 2/2
   232 | D:1      | Reached XP level 2. HP: 19/28 MP: 3/3
   778 | D:1      | Found a faded altar of an unknown god.
  1031 | D:2      | Noticed Sigmund
  1612 | D:2      | Reached XP level 3. HP: 31/36 MP: 4/4
  2434 | D:2      | Reached XP level 4. HP: 22/45 MP: 5/5
  2646 | D:2      | Killed Sigmund
  2647 | D:2      | Reached skill level 5 in Throwing
  2647 | D:2      | Reached XP level 5. HP: 40/54 MP: 6/6
  2836 | D:2      | Found a shadowy altar of Dithmenos.
  2998 | D:3      | Noticed a phantom
  3000 | D:3      | Noticed Robin
  3008 | D:2      | Reached XP level 6. HP: 54/63 MP: 7/7
  3298 | D:2      | Killed Robin
  3436 | D:3      | Reached skill level 1 in Maces & Flails
  3687 | D:3      | Reached skill level 5 in Fighting
  3905 | D:3      | Reached XP level 7. HP: 71/72 MP: 8/8
  4225 | D:3      | Found Nyac's Weapon Emporium.
  4335 | D:2      | Upgraded the game from 0.28-a0-1159-g27aa881441 to
                  | 0.28-a0-1174-g766a6a42ef
  5296 | D:4      | Found a basalt altar of Yredelemnul.
  5672 | D:4      | Found a sparkling altar of Nemelex Xobeh.
  5877 | D:5      | Entered Level 5 of the Dungeon
  6357 | D:5      | Identified the +4 hand axe of the Shoals {spect, *Corrode
                  | rElec rPois Dex+4}
  6402 | D:5      | Identified the +3 leather armour of Dogufeh {Contam rC+
                  | rN++ rCorr}
  6585 | D:5      | You fall into a shaft and drop 1 floor!
  6701 | D:5      | Reached XP level 8. HP: 57/83 MP: 9/9
  6933 | D:5      | Found a runed translucent door.
  6934 | D:5      | Noticed Crazy Yiuf
  7042 | D:5      | Found a staircase to the Ecumenical Temple.
  7231 | Temple   | Entered the Ecumenical Temple
  7463 | Temple   | Became a worshipper of Fedhas Madash
  7552 | D:5      | Killed Crazy Yiuf
  7829 | D:6      | Identified a scroll of acquirement
  7832 | D:6      | Acquired a manual of Evocations
  8995 | D:6      | Noticed a manticore
  9010 | D:6      | Killed a manticore
  9010 | D:6      | Reached * piety under Fedhas
  9011 | D:6      | Reached XP level 9. HP: 17/96 MP: 10/10
  9853 | D:7      | Reached skill level 1 in Invocations
  9881 | D:7      | Found an iron altar of Okawaru.
  9973 | D:7      | Learned a level 3 spell: Portal Projectile
 10609 | D:7      | Found a sacrificial altar of Ru.
 10610 | D:7      | Found a hazy altar of Hepliaklqana.
 11188 | D:7      | Found a hide-covered altar of Uskayaw.
 11606 | D:8      | Found a shimmering altar of Xom.
 11611 | D:8      | Found an opulent altar of Gozag.
 11617 | D:8      | Found a burning altar of Makhleb.
 11801 | D:8      | Reached skill level 5 in Maces & Flails
 11830 | D:8      | Noticed a moth of wrath
 11833 | D:8      | Found a bloodstained altar of Trog.
 11850 | D:8      | Reached ** piety under Fedhas
 11950 | D:8      | Found a glowing golden altar of the Shining One.
 12259 | D:8      | Found a snail-covered altar of Cheibriados.
 12304 | D:8      | Found a staircase to the Lair.
 12305 | D:8      | Noticed a komodo dragon
 12417 | D:8      | Killed a komodo dragon
 12526 | D:8      | Reached XP level 10. HP: 93/107 MP: 12/12
 12639 | Lair:1   | Entered Level 1 of the Lair of Beasts
 12680 | Lair:1   | Noticed a cane toad
 12688 | Lair:1   | Killed a cane toad
 12776 | Lair:1   | Noticed a cane toad
 12789 | Lair:1   | Killed a cane toad
 13591 | Lair:1   | Found a one-way gate to the infinite horrors of the Abyss.
 13591 | Lair:1   | Found a corrupted altar of Lugonu.
 13678 | Lair:1   | You fall into a shaft and drop 1 floor!
 13685 | Lair:2   | Slain by a blink frog

Illustrated notes

Levels and vault maps discovered:
D:1:      denvon_arrival_planthouse, layout_basic,
          ebering_ecumenical_altar_sacrificial
D:2:      layout_rooms, basic_altar, uniq_sigmund
D:3:      layout_loops_cross, serial_shops, nicolae_lakefront_shop,
          grunt_ministairs_8, minmay_fractal_squares_diagonal_5, uniq_robin
D:4:      layout_rooms, mainiacjoe_overflow_brackets,
          mainiacjoe_overflow_surrounded_room
D:5:      layout_rooms, minmay_temple_entry_antechambers,
          uniq_crazy_yiuf_cottage
D:6:      layout_loops_corners, portal_sewer_entry_e
D:7:      layout_basic, general_overflow_altar, gammafunk_temple_overflow_pools,
          amcnicky_altar_gilded
D:8:      layout_loops_cross, tso_altar, slow_altar_1,
          minmay_overflow_temple_star_quad, tgw_trog, david_lair_shrubbed,
          grunt_ministairs_6
Temple:   jpeg_temple_island
Lair:1:   minmay_lair_oklob_tunnel, layout_big_grid,
          amcnicky_altar_lugonu_corruption
Lair:2:   layout_hall_layers, elwin_shoals_entry_rooms, serial_bayou_crossing

Skill      XL: |  1  2  3  4  5  6  7  8  9 10 |
---------------+-------------------------------+-----
Fighting       | 2 3 4 5 6 7 9 |  9.6
Throwing       | 3 5 7 8 9 |  9.7
Maces & Flails | 1 2 4 5 |  5.8
Invocations    | 3 4 |  4.3
Hexes          | 4 |  4.6
Dodging        | |  1.7
Spellcasting   | |  1.2

Action                   |  1- 3 |  4- 6 |  7- 9 | 10-12 || total
-------------------------+-------+-------+-------+-------++-------
Melee: Unarmed           |    18 |       |       |       ||    18
       Mace              |    72 |    14 |       |       ||    86
       Flail             |       |    39 |    97 |       ||   136
       Whip              |       |       |    22 |       ||    22
       Hand axe          |       |       |   158 |    21 ||   179
Throw: Stone             |   133 |     4 |   206 |    38 ||   381
       Large rock        |     4 |     2 |    16 |       ||    22
       Throwing net      |     1 |       |       |       ||     1
       Dart              |     2 |    36 |    14 |       ||    52
       Boomerang         |       |       |    93 |       ||    93
 Cast: Slow              |       |       |     6 |       ||     6
Evoke: Wand              |     3 |     4 |     2 |       ||     9
  Use: Scroll            |       |       |     7 |     2 ||     9
 Stab: Distracted        |       |       |     3 |       ||     3
Armor: Robe              |    22 |    22 |    67 |     3 ||   114
Dodge: Dodged            |    56 |    40 |   154 |     9 ||   259

Table legend: (Time is in decaauts)
 A = Elapsed time spent in this place.
 B = Non-inter-level travel time spent in this place.
 C = Inter-level travel time spent in this place.
 D = Time resting spent in this place.
 E = Time spent auto-exploring this place.
 F = Levels seen in this place.
 G = Mean time per level.
                   A        B        C        D        E       F      G
               +--------+--------+--------+--------+--------+-----+--------+
         Total |  13785 |  12991 |    794 |   2799 |   7948 |  11 | 1253.2 |
       Dungeon |  12457 |  11675 |    782 |   2418 |   7241 |   8 | 1557.1 |
        Temple |    290 |    279 |     11 |      0 |    244 |   1 |  290.0 |
          Lair |   1037 |   1037 |      0 |    381 |    462 |   2 |  518.5 |
               +--------+--------+--------+--------+--------+-----+--------+

Top non-repeatable levels by time:
     D:6: 2301 daAuts
     D:2: 1913 daAuts
     D:1: 1726 daAuts
     D:5: 1586 daAuts
     D:3: 1396 daAuts
     D:7: 1332 daAuts
     D:8: 1152 daAuts
     D:4: 1050 daAuts
  Lair:1: 1018 daAuts
  Temple: 290 daAuts
  Lair:2: 19 daAuts
